[Event "*** Titled Tuesday Blitz"]
[Site "Chess.com"]
[Date "2020.05.05"]
[Round "9"]
[White "Kavyev_Ruslan"]
[Black "Morshynska"]
[Result "1-0"]
[WhiteElo "2485"]
[BlackElo "2141"]
[TimeControl "180+1"]
[EndTime "11:47:53 PDT"]
[Termination "Kavyev_Ruslan won on time"]

1. d4 d5 2. c4 c6 3. Nf3 Nf6 4. g3 e6 5. Bg2 dxc4 6. O-O b5 7. Ne5 Bb7 8. Nc3 a6 9. b3 cxb3 10. axb3 Bb4 11. Bb2 O-O 12. Qc2 Qb6 13. Rfc1 Nbd7 14. Nxd7 Nxd7 15. Ne4 Rac8 16. e3 h6 17. Bc3 Be7 18.
Ba5 Qa7 19. b4 c5 20. dxc5 Qa8 21. Rd1 Bd5 22. f4 Rfe8 23. Nc3 Bxg2 24. Qxg2 Qxg2+ 25.
Kxg2 Nf6 26. e4 Bd8 27. e5 Nd5 28. Nxd5 exd5 29. Rxd5 Bxa5 30. Rxa5 Red8 31. Rd6 Kf8 32. Raxa6 Ra8 33. Rxa8 Rxa8 34. Rb6 Ra2+ 35. Kh3 g5 36. f5 h5 37. f6 Kg8 38. c6 Kh7 39. g4 h4 40.
Rxb5 Rc2 41. Rc5 Rb2 42. c7 1-0

[Event "*** Titled Tuesday Blitz"]
[Site "Chess.com"]
[Date "2020.05.05"]
[Round "9"]
[White "ErikRonka"]
[Black "Fins0905"]
[Result "0-1"]
[WhiteElo "2421"]
[BlackElo "2633"]
[TimeControl "180+1"]
[EndTime "11:47:55 PDT"]
[Termination "Fins0905 won on time"]

1. e4 d5 2. exd5 Qxd5 3. Nc3 Qd8 4.
d4 Nf6 5. Nf3 Bg4 6. h3 Bxf3 7.
Qxf3 c6 8. Bf4 e6 9. O-O-O Bb4 10. Kb1 Bxc3 11. Qxc3 Nd5 12. Qf3 Nxf4 13. Qxf4 Nd7 14.
Bd3 Qb8 15. Qh4 Qd8 16. Qf4 O-O 17. g4 Nf6 18. g5 Nd5 19. Qe4 g6 20. h4 Qc7 21. h5 Qf4 22. Qg2 Kg7 23. Rhe1 b5 24.
Re4 Qd6 25. Qf3 Rae8 26. Re5 c5 27. Bxb5 cxd4 28. h6+ Kg8 29. Rxd5 exd5 30. Bxe8 Rxe8 31.
Rxd4 Qe5 32. Rxd5 Qxd5 33. Qxd5 Re1+ 0-1

[Event "*** Titled Tuesday Blitz"]
[Site "Chess.com"]
[Date "2020.05.05"]
[Round "9"]
[White "GuerrieroFromLevant"]
[Black "kungmongmanh"]
[Result "0-1"]
[WhiteElo "2369"]
[BlackElo "2551"]
[TimeControl "180+1"]
[EndTime "11:47:55 PDT"]
[Termination "kungmongmanh won by resignation"]

1. e4 e6 2. d4 d5 3. Nc3 Nf6 4. e5 Nfd7 5. f4 c5 6. Nf3 Nc6 7. Be3 Be7 8. Be2 c4 9. O-O b5 10. Nxb5 Rb8 11. a4 a6 12. Nd6+ Bxd6 13. exd6 Nf6 14.
Ne5 Qxd6 15. b3 cxb3 16. cxb3 O-O 17. Rc1 Nb4 18. Qe1 Ne4 19. Bd2 f6 20. Nf3 Bd7 21.
Bxb4 Rxb4 22. Bd3 f5 23. Bxa6 Rxb3 24. Bb5 Bxb5 25. axb5 Rxb5 26. Ne5 Rb2 27. Rc6 Qe7 28. Nf3 h6 29. Qc1 Rfb8 30. Rc8+ Kh7 31. Ne5 Rxc8 32. Qxc8 Qb4 33. Nf3 Qb6 34. Rc1 Nd2 35. Ne5 Qxd4+ 36.
Kh1 Ne4 37. h3 Qf2 38. Rg1 Ng3+ 39. Kh2 Ne2 40. Nf3 Nxg1 0-1

[Event "*** Titled Tuesday Blitz"]
[Site "Chess.com"]
[Date "2020.05.05"]
[Round "9"]
[White "AwareIdea"]
[Black "Trickov"]
[Result "1-0"]
[WhiteElo "2551"]
[BlackElo "2288"]
[TimeControl "180+1"]
[EndTime "11:47:55 PDT"]
[Termination "AwareIdea won by resignation"]

1. d4 d5 2. c4 c6 3. cxd5 cxd5 4. Bf4 Nf6 5. e3 Nc6 6. Nc3 a6 7. Be2 Qb6 8. a3 Bd7 9. Nf3 e6 10. O-O Na5 11. Na4 Qd8 12. Rc1 Rc8 13. Rxc8 Qxc8 14.
Ne5 Bd6 15. Nxf7 Kxf7 16. Bxd6 Nc4 17. Bxc4 Qxc4 18. Nb6 Qc6 19. Bc5 e5 20. b4 exd4 21.
Qxd4 Be6 22. h3 Re8 23. Qd3 Ne4 24. Bd4 Kg8 25. f3 Nf6 26. Qd2 Bf7 27. Rc1 Qd6 28.
Qf2 Nd7 29. Nxd7 Qxd7 30. Qg3 g6 31. Rc7 Qe6 32. Rxb7 Rc8 33. Rc7 Re8 34. Qg5 Qd6 35. Qh6 Qf8 36. Qg5 Qd6 37. Qh6 Qf8 38. Qf4 Re7 39. Qf6 1-0

[Event "*** Titled Tuesday Blitz"]
[Site "Chess.com"]
[Date "2020.05.05"]
[Round "9"]
[White "starplatinum2030"]
[Black "VinzentSpitzl"]
[Result "0-1"]
[WhiteElo "2147"]
[BlackElo "2387"]
[TimeControl "180+1"]
[EndTime "11:47:56 PDT"]
[Termination "VinzentSpitzl won by checkmate"]

1. e4 c6 2. d4 d5 3. e5 c5 4.
dxc5 e6 5. Be3 Ne7 6. Nf3 Nd7 7. c3 Nc6 8. Bb5 Bxc5 9. Bxc5 Nxc5 10. Nd4 Bd7 11. Qg4 Nxd4 12. Bxd7+ Qxd7 13. Qxd4 Qb5 14. b4 Nd3+ 15. Kd2 Nb2 16. a4 Nc4+ 17. Ke1 Qc6 18. Nd2 O-O 19. Nxc4 dxc4 20. f3 Rfd8 21. Qe4 Qb6 22.
a5 Qc7 23. Rd1 Rxd1+ 24. Kxd1 Rd8+ 25. Ke2 Qd7 26. Qe3 Qa4 27. Kf2 Qc2+ 28. Kg3 h6 29.
Rc1 Qg6+ 30. Kf2 Rd3 31. Qc5 Rd2+ 32. Ke3 Qxg2 33. Qxc4 Qf2+ 34. Ke4 Re2+ 35. Kf4 Qxh2+ 36. Kg4 Rg2# 0-1

[Event "*** Titled Tuesday Blitz"]
[Site "Chess.com"]
[Date "2020.05.05"]
[Round "9"]
[White "SamuelGhimpu2003"]
[Black "AryanTari"]
[Result "0-1"]
[WhiteElo "2685"]
[BlackElo "2875"]
[TimeControl "180+1"]
[EndTime "11:47:57 PDT"]
[Termination "AryanTari won by resignation"]

1. d4 d5 2. Nf3 Nf6 3. c4 e6 4. Nc3 Be7 5. Bf4 O-O 6. e3 Nbd7 7. c5 Nh5 8. Bd3 Nxf4 9. exf4 b6 10. b4 a5 11. a3 c6 12. O-O Ba6 13. Qe2 Bxd3 14. Qxd3 Ra7 15. Rab1 axb4 16. axb4 Qa8 17. g3 Ra3 18. Qc2 Bf6 19. Ne2 Qa6 20. Ne5 Bxe5 21. fxe5 Rb8 22. Nf4 Ra2 23. Qd3 Qxd3 24. Nxd3 b5 25.
Rfd1 Rba8 26. Kf1 g5 27. h3 Kg7 28. Ke1 Kg6 29. Rd2 h5 30. Rbd1 Kf5 31. f3 g4 32. hxg4+ hxg4 33. f4 R8a3 34. Rxa2 Rxa2 35.
Nf2 Nb8 36. Rd2 Ra1+ 37. Ke2 Na6 38. Rb2 Rg1 39. Rb3 Ra1 40. Rb2 Ra3 41. Nd3 Ke4 42.
Nf2+ Kxd4 43. Nd3 Rxd3 0-1

[Event "*** Titled Tuesday Blitz"]
[Site "Chess.com"]
[Date "2020.05.05"]
[Round "9"]
[White "StegariuVlad"]
[Black "Biranidun"]
[Result "1-0"]
[WhiteElo "2549"]
[BlackElo "2688"]
[TimeControl "180+1"]
[EndTime "11:47:58 PDT"]
[Termination "StegariuVlad won on time"]

1. e4 c5 2. Nf3 d6 3. d4 cxd4 4. Nxd4 Nf6 5. Nc3 a6 6. Be2 e5 7. Nb3 Be7 8. O-O O-O 9. Be3 Be6 10. f4 exf4 11. Rxf4 Nc6 12. a4 Nd7 13. Rf1 Rc8 14.
a5 Bg5 15. Bf2 Nde5 16. Nd5 Re8 17. Bb6 Qd7 18. c3 Ne7 19. Kh1 Nxd5 20. exd5 Bf5 21. Nd4 Be4 22. Nf3 Bf6 23. Ra4 Bxd5 24. Qxd5 Qxa4 25.
Qxb7 Nc4 26. Qxa6 Nxb2 27. Bb5 Qe4 28. Bxe8 Rxe8 29. Qb5 Nd3 30. a6 h5 31. Qxh5 Qe2 32.
Rb1 g6 33. Qb5 Qa2 34. Qxe8+ Kg7 35. Qb5 Nf4 36. Qb2 Qxa6 37. Bd4 Qd3 38. Bxf6+ Kxf6 39. Re1 Kg7 40. Qd2 Qf5 41. Nh4 Qg4 42. Rf1 1-0

[Event "*** Titled Tuesday Blitz"]
[Site "Chess.com"]
[Date "2020.05.05"]
[Round "9"]
[White "orkan85"]
[Black "Akhayan"]
[Result "0-1"]
[WhiteElo "2460"]
[BlackElo "2339"]
[TimeControl "180+1"]
[EndTime "11:47:58 PDT"]
[Termination "Akhayan won on time"]

1. e4 e6 2. d4 d5 3. Nd2 c5 4. exd5 Qxd5 5. Ngf3 cxd4 6. Bc4 Qd6 7. O-O Nc6 8. Nb3 a6 9. Nbxd4 Nxd4 10. Nxd4 Qc7 11.
Bb3 Nf6 12. Qf3 Bd6 13. Kh1 O-O 14. Bg5 Be5 15. Rad1 Bxd4 16. Rxd4 Qe5 17. Be3 Qh5 18. Qxh5 Nxh5 19. c4 Nf6 20. Bd1 e5 21. Rd6 Be6 22. b3 Rad8 23. Rxd8 Rxd8 24. h3 Bf5 25. f3 h6 26. Re1 Rd7 27. Kg1 e4 28. g4 Be6 29.
f4 g6 30. Bc2 h5 31. g5 Ne8 32. Bxe4 Bxh3 33. c5 Re7 34. Bf3 Nc7 35. Bxb7 a5 36. c6 Be6 37. Bc5 Re8 0-1

[Event "*** Titled Tuesday Blitz"]
[Site "Chess.com"]
[Date "2020.05.05"]
[Round "9"]
[White "Caterpiller35"]
[Black "JozefKneht"]
[Result "0-1"]
[WhiteElo "2309"]
[BlackElo "2470"]
[TimeControl "180+1"]
[EndTime "11:47:58 PDT"]
[Termination "JozefKneht won on time"]

1. d4 d5 2. Bf4 Nf6 3. e3 c5 4. c3 Nc6 5. Nd2 e6 6. Ngf3 Bd6 7. Bg3 O-O 8. Bd3 Qc7 9. dxc5 Bxg3 10. hxg3 e5 11. e4 Qe7 12. b4 d4 13. cxd4 Nxb4 14. Qb3 Nxd3+ 15. Qxd3 exd4 16. Qxd4 Rd8 17. Qe3 b6 18. O-O bxc5 19. Rfc1 Bg4 20. Rxc5 Bxf3 21. Nxf3 Qxe4 22. Qxe4 Nxe4 23. Rc7 a5 24. Re1 Nf6 25. Rb7 Nd5 26. Rd1 h6 27. Rd4 Nc3 28. Rxd8+ Rxd8 29. Ra7 Rd1+ 30. Kh2 a4 31. Ne5 f6 32. Ng6 Rd2 33. f4 f5 34. a3 Ne4 35. Ne7+ Kf8 36. Nxf5 Nf2 37. Rxa4 Rd1 38. g4 Nxg4+ 39. Kg3 Nf6 40. Ra8+ Kf7 41. Ra7+ Kg6 42. Nxg7 Rd3+ 43. Kh2 Ng4+ 0-1

[Event "*** Titled Tuesday Blitz"]
[Site "Chess.com"]
[Date "2020.05.05"]
[Round "9"]
[White "seastar"]
[Black "PetrolulSah"]
[Result "0-1"]
[WhiteElo "2079"]
[BlackElo "2255"]
[TimeControl "180+1"]
[EndTime "11:47:58 PDT"]
[Termination "PetrolulSah won on time"]

1. d4 Nf6 2. c4 g6 3. Nc3 d5 4. Nf3 Bg7 5. Bg5 Ne4 6. cxd5 Nxg5 7. Nxg5 e6 8. Qd2 h6 9. Nf3 exd5 10. Qe3+ Be6 11. g3 O-O 12. Bg2 Re8 13. Qd2 c5 14. O-O cxd4 15. Nxd4 Nc6 16. Nxe6 fxe6 17. Rac1 Kh7 18.
e4 d4 19. Ne2 e5 20. f4 h5 21. fxe5 Nxe5 22. Nf4 Ng4 23. Nd5 Be5 24. Rf7+ Kg8 25. Rcf1 Bg7 26. Rxb7 Ne3 27. Rff7 Bh6 28. Qxd4 Nf5 29.
Qc4 Nd6 30. Qd4 Nxf7 31. Nf6+ Kf8 32. Nh7+ Kg8 33. Nf6+ Kh8 34. Qc3 Bg7 35. Rxf7 Qd1+ 36. Bf1 Rg8 37. Nxg8 Bxc3 0-1

[Event "*** Titled Tuesday Blitz"]
[Site "Chess.com"]
[Date "2020.05.05"]
[Round "9"]
[White "Kaliopa"]
[Black "chiwii"]
[Result "1-0"]
[WhiteElo "2106"]
[BlackElo "2228"]
[TimeControl "180+1"]
[EndTime "11:47:59 PDT"]
[Termination "Kaliopa won on time"]

1. e4 c5 2. Nf3 e6 3. d4 cxd4 4. Nxd4 a6 5. Bd3 Qc7 6. O-O Nf6 7. Qe2 d6 8. c4 Nc6 9. Nxc6 bxc6 10. Nc3 Be7 11.
Kh1 O-O 12. f4 d5 13. e5 Nd7 14. Bd2 Rb8 15. b3 f5 16. exf6 Nxf6 17. Rae1 Bd6 18.
Na4 Bd7 19. c5 Be7 20. f5 Be8 21. Qxe6+ Rf7 22. Bf4 Qd8 23. Bxb8 Qxb8 24. Bxa6 Ng4 25. g3 Qb4 26. Rf4 Qd2 27. Rxg4 Bd7 28. Qe2 Qh6 29.
Rf4 Bxf5 30. Nc3 Bxc5 31. Ref1 Qg6 32. Qe8+ Bf8 33. Qe2 d4 34. Nd1 c5 35. Bc4 Be4+ 36.
Qxe4 Qxe4+ 37. Rxe4 1-0

[Event "*** Titled Tuesday Blitz"]
[Site "Chess.com"]
[Date "2020.05.05"]
[Round "9"]
[White "Kobalia"]
[Black "DortmundCity"]
[Result "1-0"]
[WhiteElo "2751"]
[BlackElo "2459"]
[TimeControl "180+1"]
[EndTime "11:48:02 PDT"]
[Termination "Kobalia won by checkmate"]

1. e4 e6 2. d3 d5 3. Nd2 Nf6 4. Ngf3 Be7 5. g3 O-O 6. Bg2 dxe4 7. dxe4 c5 8. O-O Nc6 9. Re1 e5 10. c3 h6 11. Nc4 Qc7 12. Ne3 Rd8 13. Nd5 Qd6 14.
c4 Be6 15. Qc2 Nd4 16. Nxd4 cxd4 17. f4 Bxd5 18. exd5 exf4 19. Bxf4 Qd7 20. Qd2 Rac8 21. Rac1 b5 22. cxb5 Rxc1 23. Qxc1 Bb4 24. Rd1 Nxd5 25. Bxd5 Qxd5 26. Qc6 Qxa2 27. Bc7 Rd5 28. Rf1 Rc5 29. Qe8+ Kh7 30. Rxf7 Rc1+ 31. Kg2 Qxb2+ 32. Kh3 Re1 33. Be5 Qb1 34. Rxg7# 1-0

[Event "*** Titled Tuesday Blitz"]
[Site "Chess.com"]
[Date "2020.05.05"]
[Round "9"]
[White "maxsergej"]
[Black "51616516516"]
[Result "0-1"]
[WhiteElo "2122"]
[BlackElo "2283"]
[TimeControl "180+1"]
[EndTime "11:48:02 PDT"]
[Termination "51616516516 won on time"]

1. e4 c5 2. Nf3 e6 3. d4 cxd4 4. Nxd4 a6 5. Be2 Nf6 6. Nc3 d6 7. O-O Qc7 8. Be3 Be7 9. f4 Nbd7 10. Qe1 b5 11. Bf3 Bb7 12. a3 h5 13. Rd1 Rc8 14. Kh1 h4 15. Bf2 h3 16. g4 g6 17. Bg3 e5 18.
Nb3 exf4 19. Bxf4 Ne5 20. Bxe5 dxe5 21. Qg3 Bc6 22. Rf2 a5 23. Nd5 Bxd5 24. exd5 a4 25. Na5 Bd6 26. Nc6 e4 27. Qg1 exf3 28. Rxf3 Nxd5 29. Re1+ Kf8 30. Qd4 Kg8 31. Qxd5 Rh7 32. Nd4 Qc5 33. Qxc5 Rxc5 0-1

[Event "*** Titled Tuesday Blitz"]
[Site "Chess.com"]
[Date "2020.05.05"]
[Round "9"]
[White "Tsukasa06"]
[Black "mariangie523"]
[Result "0-1"]
[WhiteElo "2198"]
[BlackElo "2055"]
[TimeControl "180+1"]
[EndTime "11:48:02 PDT"]
[Termination "mariangie523 won by resignation"]

1. e4 c5 2. c3 d5 3. exd5 Qxd5 4. d4 cxd4 5. cxd4 Nc6 6. Nf3 Bg4 7. Be2 O-O-O 8. Nc3 Qa5 9. Be3 Nf6 10. O-O e5 11.
Rc1 Bxf3 12. Bxf3 exd4 13. Bxd4 Rxd4 14. Qe2 Bd6 15. Nb5 Re8 16. Nxd6+ Rxd6 17. Qc2 Kb8 18. b4 Qd8 19. b5 Nd4 20. Qc3 Ne4 21. Bxe4 Ne2+ 22.
Kh1 Nxc3 23. Rxc3 Rxe4 24. Rf3 f6 25. h3 Red4 26. Kh2 Rd1 27. Rxd1 Rxd1 28. Rg3 g5 29. Rf3 Qd6+ 30. g3 Rd3 31. Rf5 Qe6 32. g4 h5 33. Kg2 hxg4 34. hxg4 Rd4 35. f3 Rf4 36. Rc5 Qe2+ 37. Kg1 Qxf3 38. Rc2 Rxg4+ 39. Kh2 Qg3+ 0-1

[Event "*** Titled Tuesday Blitz"]
[Site "Chess.com"]
[Date "2020.05.05"]
[Round "9"]
[White "lupta_robin"]
[Black "TerorPtica"]
[Result "0-1"]
[WhiteElo "2509"]
[BlackElo "2769"]
[TimeControl "180+1"]
[EndTime "11:48:03 PDT"]
[Termination "TerorPtica won by resignation"]

1. e4 c5 2. b3 e6 3. Bb2 a6 4. Nf3 Nc6 5. d4 cxd4 6. Nxd4 Qf6 7. c3 Bc5 8. Be2 e5 9. Nf3 d6 10. Nbd2 Nge7 11. b4 Ba7 12. a4 O-O 13. b5 Na5 14.
Ba3 Ng6 15. Bb4 Bb6 16. g3 Bh3 17. bxa6 bxa6 18. Rb1 Rfd8 19. Bf1 Bxf1 20. Kxf1 d5 21. Qe2 Qe6 22. Kg2 Qg4 23. Kf1 Qh3+ 24. Ke1 Nc4 25. Nxc4 dxc4 26. Rg1 Rd3 27. Rd1 Rad8 28. Rxd3 cxd3 29.
Qd2 Qg4 30. Qd1 Qxe4+ 31. Kf1 Qf5 32. Kg2 e4 33. Nd4 Bxd4 34. cxd4 Rxd4 35. Bd2 h5 36. Be3 Rc4 37. Qb3 Qf3+ 38. Kh3 Rc2 39. Qb8+ Kh7 40.
Qd6 Re2 41. Qxa6 Rxf2 42. Bxf2 Nf4+ 0-1

[Event "*** Titled Tuesday Blitz"]
[Site "Chess.com"]
[Date "2020.05.05"]
[Round "9"]
[White "MisiekZielony"]
[Black "Shuvalov"]
[Result "0-1"]
[WhiteElo "2172"]
[BlackElo "2451"]
[TimeControl "180+1"]
[EndTime "11:48:03 PDT"]
[Termination "Shuvalov won by resignation"]

1. c4 c6 2. Nc3 d5 3. cxd5 cxd5 4. d4 Nc6 5. Nf3 Nf6 6. Bf4 Bf5 7. e3 e6 8. Bb5 Nd7 9. Qa4 Rc8 10. O-O a6 11.
Bxc6 Rxc6 12. Rfc1 Be7 13. Qd1 O-O 14. Na4 Qa5 15.
Rxc6 bxc6 16. Ne5 Nxe5 17. Bxe5 c5 18. dxc5 Bxc5 19. Rc1 Be7 20. Rc7 Bf6 21. Bxf6 Qxc7 22. Bd4 Qc2 23. Qxc2 Bxc2 24. Nc5 a5 25. Kf1 Rc8 26.
f4 Bb1 27. a3 Ba2 28. Ke1 Bc4 29. b3 Bb5 30. a4 Be8 31. Kd2 Bc6 32. Bc3 Ra8 33.
Nd3 f6 34. Nc5 Kf7 35. Kc2 Ke7 36. Kb2 Kd6 37. b4 axb4 38. Bxb4 e5 39. a5 d4 40.
Na4+ Ke6 41. Nb6 Rd8 42. fxe5 dxe3 43. exf6 gxf6 0-1

[Event "*** Titled Tuesday Blitz"]
[Site "Chess.com"]
[Date "2020.05.05"]
[Round "9"]
[White "ClassyEl"]
[Black "Kezin_Roman"]
[Result "0-1"]
[WhiteElo "2558"]
[BlackElo "2782"]
[TimeControl "180+1"]
[EndTime "11:48:04 PDT"]
[Termination "Kezin_Roman won by resignation"]

1. d4 d5 2. Nf3 Nf6 3. c4 e6 4. Nc3 c6 5. Bf4 dxc4 6. e4 b5 7.
Qc2 a6 8. a4 Bb7 9. Be2 Nbd7 10. O-O Be7 11. Rfd1 O-O 12. h3 Qb6 13. Be3 Qc7 14. e5 Nd5 15. Ng5 g6 16. Bc1 c5 17.
axb5 cxd4 18. Rxd4 axb5 19. Rxa8 Rxa8 20. Nxb5 Qxe5 21.
Nf3 Qg7 22. Bxc4 N7b6 23. b3 Nxc4 24. bxc4 Nb4 25. Qb1 Bxf3 26. gxf3 Nc6 27. Rd1 Rc8 28. Qe4 Qe5 29. Rd7 Qa1 30. Rd1 Bc5 31. Kg2 Qf6 32.
Bf4 Ne7 33. Rd7 Nf5 34. Be5 Qg5+ 35. Qg4 Nh4+ 36. Kg3 Qxe5+ 37. Kxh4 Bxf2+ 0-1

[Event "*** Titled Tuesday Blitz"]
[Site "Chess.com"]
[Date "2020.05.05"]
[Round "9"]
[White "PavelChernomordik"]
[Black "Camels1981"]
[Result "0-1"]
[WhiteElo "2401"]
[BlackElo "2264"]
[TimeControl "180+1"]
[EndTime "11:48:04 PDT"]
[Termination "Camels1981 won by resignation"]

1. e4 c5 2. Nc3 Nc6 3. Bb5 Nd4 4.
Bc4 g6 5. Nge2 Bg7 6. Nxd4 cxd4 7. Qf3 e6 8. Nb5 Qb6 9. Qg3 e5 10. Qb3 Nh6 11. d3 O-O 12. a4 d6 13. a5 Qd8 14. Qa3 a6 15. Nxd6 Be6 16. Nxb7 Qh4 17.
Nc5 Bxc4 18. dxc4 Ng4 19. Qg3 Qe7 20. Nd3 f5 21. f3 fxe4 22. fxe4 Nf6 23. Bg5 Qb7 24.
Bxf6 Qxe4+ 25. Kd2 Bxf6 26. Rae1 Qb7 27. Kc1 e4 28. Nc5 Qb4 29. Nxe4 Bg7 30. Qg5 Rab8 31. b3 Rf5 32. Qd2 Qa3+ 33. Kd1 d3 34. Qxd3 Rff8 35.
Nc3 Qa1+ 36. Kd2 Bxc3+ 37. Qxc3 Rbd8+ 38. Qd3 Rxd3+ 39. Kxd3 Rd8+ 40. Ke2 Qxa5 41. Ra1 Qd2+ 42. Kf3 Rf8+ 43. Ke4 Re8+ 44. Kf3 Re3+ 45. Kf4 Qd4+ 0-1

[Event "*** Titled Tuesday Blitz"]
[Site "Chess.com"]
[Date "2020.05.05"]
[Round "9"]
[White "j2806"]
[Black "ChessWarrior3"]
[Result "0-1"]
[WhiteElo "1973"]
[BlackElo "2045"]
[TimeControl "180+1"]
[EndTime "11:48:04 PDT"]
[Termination "ChessWarrior3 won by resignation"]

1. e4 c5 2. Nf3 d6 3. d4 cxd4 4.
Nxd4 Nf6 5. Nc3 a6 6. Be3 e5 7. Nb3 Be6 8. f3 Nbd7 9. Qd2 b5 10. O-O-O Nb6 11. g4 Nc4 12. Bxc4 bxc4 13. Na1 Be7 14. g5 Nd7 15. h4 Qc7 16. Nd5 Bxd5 17. Qxd5 Rb8 18.
c3 O-O 19. Nc2 Nb6 20. Qd2 Na4 21. Nb4 Qd7 22. b3 cxb3 23. axb3 Rfc8 24. bxa4 Rxb4 25. Qc2 Rxa4 26. Kd2 Ra3 27. Rc1 Qe6 28. Ke1 Qc4 29. Bd2 Ra2 30. Qd1 d5 31. exd5 e4 32. Rc2 Rxc2 33.
Qxc2 exf3 34. Kd1 Ba3 35. Qf5 Qe2+ 36. Kc2 Rb8 37. Rb1 Rxb1 38. Kxb1 Qxd2 39. Qc8+ Bf8 40. d6 Qxd6 41. Qf5 Qd1+ 42. Kb2 Qe2+ 43. Kb3 f2 44.
Ka4 f1=Q 0-1

[Event "*** Titled Tuesday Blitz"]
[Site "Chess.com"]
[Date "2020.05.05"]
[Round "9"]
[White "Tsyhanchuk_Stanislav"]
[Black "MFBerna"]
[Result "1-0"]
[WhiteElo "2591"]
[BlackElo "2354"]
[TimeControl "180+1"]
[EndTime "11:48:05 PDT"]
[Termination "Tsyhanchuk_Stanislav won on time"]

1. e4 e5 2. Nf3 Nc6 3. Bb5 Bc5 4. O-O Nf6 5. d3 d6 6. c3 O-O 7.
h3 Ne7 8. Bg5 Ng6 9. d4 Bb6 10.
Nbd2 h6 11. Be3 Qe7 12. Re1 c6 13. Ba4 Re8 14. Bc2 Be6 15. a4 Bc7 16. Nf1 Rad8 17. Ng3 Qd7 18. Nf5 Bxf5 19. exf5 Nf8 20. dxe5 dxe5 21.
Bxa7 e4 22. Nd4 Qd6 23. g3 e3 24. Qf3 exf2+ 25. Kxf2 N8h7 26. Rad1 Ng5 27. Qg2 Rxe1 28. Rxe1 c5 29. Nf3 Nxf3 30. Qxf3 Qd2+ 31. Re2 Qd6 32.
Bb3 Ra8 33. Qxb7 Qxg3+ 34. Kf1 Qxh3+ 35. Ke1 Qg3+ 36. Kd1 Rd8+ 37. Kc2 Qf3 38. Qxf3 1-0

[Event "*** Titled Tuesday Blitz"]
[Site "Chess.com"]
[Date "2020.05.05"]
[Round "9"]
[White "LiamPutnam2008"]
[Black "dopolian"]
[Result "1-0"]
[WhiteElo "2535"]
[BlackElo "2392"]
[TimeControl "180+1"]
[EndTime "11:48:05 PDT"]
[Termination "LiamPutnam2008 won on time"]

1. d4 Nf6 2. c4 e6 3. Nc3 d5 4. cxd5 exd5 5. Bg5 Be7 6. e3 h6 7. Bh4 O-O 8. Bd3 b6 9. Nf3 Bb7 10. Qc2 c5 11. O-O Nbd7 12. Rad1 Rb8 13. Bg3 Rc8 14. Ne5 Re8 15. f4 cxd4 16. exd4 Ne4 17. Bxe4 dxe4 18.
Qb3 Rf8 19. Ng6 Re8 20. Ne5 Rf8 21. Rfe1 Nf6 22. d5 Bc5+ 23. Kh1 e3 24. Bh4 Ba6 25. Ne4 e2 26. Nxf6+ gxf6 27. Rc1 Qd6 28. Ng4 Bd4 29. Nxh6+ Kh7 30. Nf5 Qxf4 31. Qh3 Rxc1 32. Bg3+ Kg6 33.
Ne7+ Kg7 34. Nf5+ Kg6 35. Nh4+ Qxh4 36. Qxh4 Rxe1+ 37. Bxe1 Rc8 38. Qg4+ Kh7 39. Qf5+ Kg7 40. h4 Rc1 41. Qg4+ 1-0

[Event "*** Titled Tuesday Blitz"]
[Site "Chess.com"]
[Date "2020.05.05"]
[Round "9"]
[White "ahachess"]
[Black "Vamostodorecto"]
[Result "0-1"]
[WhiteElo "2355"]
[BlackElo "2513"]
[TimeControl "180+1"]
[EndTime "11:48:05 PDT"]
[Termination "Vamostodorecto won by resignation"]

1. d4 Nf6 2. c4 g6 3. Nc3 d5 4.
Bf4 Bg7 5. e3 O-O 6. Rc1 c5 7. dxc5 Qa5 8. cxd5 Ne4 9. Ne2 Nxc5 10. f3 e5 11. Bg3 b6 12. e4 Ba6 13.
Ng1 Nbd7 14. h4 Bh6 15. Rc2 Be3 16. Bxa6 Qxa6 17. Nge2 Nd3+ 18. Kf1 f5 19. h5 Nf6 20. hxg6 hxg6 21. exf5 gxf5 22. Bh4 Kg7 23. Rd2 e4 24. Rh3 Nf4 25. Rg3+ Kf7 26. Bxf6 Kxf6 27. fxe4 Rh8 28. Rh3 Nxh3 29. gxh3 Rxh3 30. Kg2 Rah8 31. e5+ Kxe5 32. Ng3 f4 33. Rd3 Rxg3+ 0-1

[Event "*** Titled Tuesday Blitz"]
[Site "Chess.com"]
[Date "2020.05.05"]
[Round "9"]
[White "Islamovqaasim"]
[Black "CzechmVIII"]
[Result "1-0"]
[WhiteElo "2070"]
[BlackElo "2232"]
[TimeControl "180+1"]
[EndTime "11:48:06 PDT"]
[Termination "Islamovqaasim won by resignation"]

1. b3 e5 2. Bb2 Nc6 3. e3 Nf6 4. Bb5 Bd6 5. Na3 a6 6. Bxc6 dxc6 7. Nc4 Qe7 8. Nf3 e4 9. Ng5 h6 10. Bxf6 gxf6 11. Nh3 Bxh3 12. gxh3 O-O-O 13. Qg4+ Kb8 14. O-O-O Rhg8 15. Qh4 Rg2 16. Rhg1 Rdg8 17. Rxg2 Rxg2 18. Qxh6 Rxf2 19. Rg1 Bxh2 20. Rg8+ Ka7 21. Qf8 Qxf8 22. Rxf8 b5 23. Na5 c5 24. a3 b4 25. axb4 cxb4 26. Nc6+ Kb6 27. Nxb4 Be5 28. Kd1 Rh2 29. Rxf7 Rxh3 30. Nd5+ Kc5 31. Nxf6 Bxf6 32. Rxf6 a5 33. Rf5+ Kb4 34. Rf4 Rh1+ 35. Ke2 Rc1 36. Rxe4+ Ka3 37.
Rc4 Rh1 38. Rxc7 Rh2+ 39. Kd3 Rh4 40. e4 Kb4 41. Kd4 a4 42. Rc4+ Kb5 43. Rxa4 Rh2 44.
Kd3 Rh3+ 45. Kd4 Rh2 46. c4+ Kc6 47. d3 Kd6 48. Ra6+ Kd7 49. b4 Rb2 50. b5 1-0

[Event "*** Titled Tuesday Blitz"]
[Site "Chess.com"]
[Date "2020.05.05"]
[Round "9"]
[White "Anton_Demchenko"]
[Black "AlexTriapishko"]
[Result "1-0"]
[WhiteElo "2861"]
[BlackElo "2769"]
[TimeControl "180+1"]
[EndTime "11:48:07 PDT"]
[Termination "Anton_Demchenko won on time"]

1. e4 e5 2. Nf3 Nc6 3. Bc4 Bc5 4. d3 Nf6 5. Bg5 d6 6. c3 h6 7.
Bh4 a6 8. Nbd2 O-O 9. a4 Be6 10. b4 Ba7 11. O-O g5 12. Bg3 Kh8 13. Rb1 Bxc4 14.
Nxc4 b5 15. Ne3 Bxe3 16. fxe3 Nd7 17. h3 f5 18. exf5 Rxf5 19. e4 Rf8 20. Ra1 Qe8 21. Nh2 Rxf1+ 22. Nxf1 Nb6 23. axb5 axb5 24. Rc1 Qf7 25. Ne3 Ne7 26. Qg4 Rf8 27. d4 Ng6 28. Nf5 Nf4 29. Nxh6 Qg6 30. Nf5 Nc4 31. Bxf4 exf4 32.
h4 Rg8 33. Re1 gxh4 34. Qxg6 Rxg6 35. Nxh4 Ne3 36. Nxg6+ 1-0

[Event "*** Titled Tuesday Blitz"]
[Site "Chess.com"]
[Date "2020.05.05"]
[Round "9"]
[White "WoolworthsManly"]
[Black "Noam_Vitenberg"]
[Result "1-0"]
[WhiteElo "2654"]
[BlackElo "2494"]
[TimeControl "180+1"]
[EndTime "11:48:07 PDT"]
[Termination "WoolworthsManly won by resignation"]

1. e4 e5 2. Nf3 Nc6 3. Bb5 a6 4. Ba4 Nf6 5. O-O Be7 6. d3 b5 7.
Bb3 d6 8. a3 Na5 9. Ba2 c5 10.
Nc3 O-O 11. Nd5 Be6 12. b4 Nc6 13. c3 Re8 14. Be3 Bf8 15. Bg5 Be7 16. Qd2 h6 17.
Bxf6 Bxf6 18. Qe3 Rc8 19. Rad1 Bxd5 20. Bxd5 Ne7 21. Ba2 cxb4 22. cxb4 d5 23. Rc1 Qd6 24. Rc5 d4 25. Qc1 Rxc5 26. Qxc5 Qxc5 27. bxc5 Rc8 28.
Rc1 Nc6 29. Bd5 Kf8 30. g3 g6 31. h4 Kg7 32. Nd2 Be7 33. Nb3 a5 34. Bxc6 Rxc6 35. Nxa5 Rxc5 36. Rxc5 Bxc5 37. Nc6 Kf6 38. Nb4 Bxb4 39. axb4 Ke6 40. f4 f5 41. Kf2 Kf6 42. Kf3 Ke6 43. g4 Kf6 44. exf5 gxf5 45. fxe5+ Kxe5 46. g5 hxg5 47. hxg5 f4 48. g6 Kf6 49. Kxf4 Kxg6 50.
Ke5 Kf7 51. Kxd4 Ke6 52. Kc5 1-0

[Event "*** Titled Tuesday Blitz"]
[Site "Chess.com"]
[Date "2020.05.05"]
[Round "9"]
[White "AleksanderHnydiuk"]
[Black "Gabrielian_Artur"]
[Result "1-0"]
[WhiteElo "2587"]
[BlackElo "2706"]
[TimeControl "180+1"]
[EndTime "11:48:08 PDT"]
[Termination "AleksanderHnydiuk won by checkmate"]

1. Nf3 Nf6 2. c4 g6 3. g3 Bg7 4. d4 O-O 5. Bg2 d6 6. Nc3 Nbd7 7. O-O e5 8. e4 exd4 9. Nxd4 Re8 10. h3 Nc5 11.
Re1 Bd7 12. Bf4 h6 13. Qc2 Nh7 14. Rad1 Ng5 15. b4 Nce6 16. Nxe6 Bxe6 17. h4 Nh3+ 18. Bxh3 Bxh3 19. c5 Bg4 20. Rd3 g5 21. hxg5 hxg5 22. Bc1 Re6 23. Nd5 Rh6 24. cxd6 Rxd6 25. Bb2 f6 26.
Ree3 c6 27. Nxf6+ Bxf6 28. Rxd6 Qxd6 29. e5 Bxe5 30. Rxe5 Qd1+ 31. Qxd1 Bxd1 32. Rxg5+ Kf7 33. Rg7+ Ke6 34. Rxb7 Bf3 35. Rh7 Rd8 36. Rh6+ Kf5 37. Rf6+ Kg4 38. Rf4+ Kh3 39. Rh4# 1-0